| TOP OF THE 1ST |
|
Denver Bears batting - Pitching for Tulsa Drillers : RHP Jay Baller
|
|
Pitching: RHP Jay Baller
|
|
|
Batting: LHB Dallas Williams
|
0-0: Fly out, F4 (Popup, 4M, EV 63.1 MPH)
|
|
Batting: RHB Kirby Puckett
|
0-0: Swinging Strike 0-1: Ground out 6-3 (Groundball, 6, EV 85.0 MPH)
|
|
Batting: LHB Danny Heep
|
0-0: Ball 1-0: Ball 2-0: Called Strike 2-1: Ball 3-1: Called Strike 3-2: Foul Ball, location: 2F 3-2: Base on Balls
|
|
Batting: RHB George A Bell
|
0-0: Foul Ball, location: 2F 0-1: Called Strike 0-2: Ball 1-2: Ball 2-2: Strikes out swinging
|
| Top of the 1st over - 0 runs, 0 hits, 0 errors, 1 left on base; Denver 0 - Tulsa 0 |
| BOTTOM OF THE 1ST |
|
Tulsa Drillers batting - Pitching for Denver Bears : LHP Tim Conroy
|
|
Pitching: LHP Tim Conroy
|
|
|
Batting: SHB Paul Householder
|
0-0: Ball 1-0: Ball 2-0: Foul Ball, location: 2F 2-1: Foul Ball, location: 2F 2-2: Ball 3-2: Base on Balls
|
|
Batting: RHB Victor Rios
|
0-0: Ball Passed Ball! Paul Householder to second 1-0: Ball 2-0: Ball 3-0: Called Strike 3-1: Base on Balls
|
|
Batting: LHB Jim Adduci
|
0-0: Called Strike 0-1: Ball 1-1: Called Strike 1-2: Ball 2-2: Ball 3-2: Base on Balls Paul Householder to third Victor Rios to second
|
|
Batting: LHB Mike Pagliarulo
|
0-0: Fly out, F2 (Popup, 15S, EV 92.5 MPH)
|
|
Batting: RHB Bob Grandas
|
0-0: Ball 1-0: Swinging Strike 1-1: Grounds into double play, 5-4-3 (Groundball, 56, EV 78.1 MPH)
|
| Bottom of the 1st over - 0 runs, 0 hits, 0 errors, 2 left on base; Denver 0 - Tulsa 0 |
| TOP OF THE 2ND |
|
Denver Bears batting - Pitching for Tulsa Drillers : RHP Jay Baller
|
|
Batting: RHB Adolfo Feliz
|
0-0: Called Strike 0-1: Ball 1-1: Swinging Strike 1-2: Fly out, F7 (Line Drive, 7, EV 104.4 MPH)
|
|
Batting: RHB Juan Alvarez
|
0-0: Foul Ball, location: 2F 0-1: Called Strike 0-2: Ball 1-2: Strikes out looking
|
|
Batting: RHB Francis McCann
|
0-0: Foul Ball, location: 2F 0-1: Foul Ball, location: 2F 0-2: Ball 1-2: Ball 2-2: TRIPLE (Groundball, 3L, EV 107.5 MPH)
|
|
Batting: RHB Frank Lucy
|
0-0: Called Strike 0-1: Fly out, F3 (Popup, 3S, EV 67.5 MPH)
|
| Top of the 2nd over - 0 runs, 1 hit, 0 errors, 1 left on base; Denver 0 - Tulsa 0 |
| BOTTOM OF THE 2ND |
|
Tulsa Drillers batting - Pitching for Denver Bears : LHP Tim Conroy
|
|
Batting: SHB Luis Quinones
|
0-0: Ball 1-0: Foul Ball, location: 2F 1-1: Ball 2-1: Ball 3-1: SINGLE (Line Drive, 5D, EV 100.6 MPH)
|
|
Batting: RHB Bob E Johnson
|
0-0: Ball Luis Quinones steals 2nd base 1-0: Foul Ball, location: 2F 1-1: Ball 2-1: Ball 3-1: Foul Ball, location: 2F 3-2: Foul Ball, location: 2F 3-2: Base on Balls
|
|
Batting: RHB Nick Belmonte
|
0-0: Foul Ball, location: 2F 0-1: Foul Ball, location: 2F 0-2: Ball 1-2: Ball 2-2: Fly out, F7 (Flyball, 78D, EV 79.4 MPH)
|
|
Batting: RHB Michael Johnson
|
0-0: Ball Wild Pitch! Luis Quinones to third Bob E Johnson to second 1-0: Called Strike 1-1: Ball Wild Pitch! Luis Quinones scores Bob E Johnson to third 2-1: Foul Ball, location: 2F 2-2: Foul Ball, location: 2F 2-2: Ball 3-2: Foul Ball, location: 2F 3-2: Strikes out swinging
|
|
Batting: SHB Paul Householder
|
0-0: Fly out, F7 (Flyball, 7LM, EV 78.1 MPH)
|
| Bottom of the 2nd over - 1 run, 1 hit, 0 errors, 1 left on base; Denver 0 - Tulsa 1 |
| TOP OF THE 3RD |
|
Denver Bears batting - Pitching for Tulsa Drillers : RHP Jay Baller
|
|
Batting: RHB Gomez Barahona
|
0-0: Foul Ball, location: 2F 0-1: Fly out, F9 (Flyball, 9, EV 85.0 MPH)
|
|
Batting: LHB Dallas Williams
|
0-0: Ground out 4-3 (Groundball, 4S, EV 75.6 MPH)
|
|
Batting: RHB Kirby Puckett
|
0-0: Ball 1-0: Foul Ball, location: 2F 1-1: Ground out 6-3 (Groundball, 6, EV 80.0 MPH)
|
| Top of the 3rd over - 0 runs, 0 hits, 0 errors, 0 left on base; Denver 0 - Tulsa 1 |
| BOTTOM OF THE 3RD |
|
Tulsa Drillers batting - Pitching for Denver Bears : LHP Tim Conroy
|
|
Batting: RHB Victor Rios
|
0-0: Swinging Strike 0-1: Ball 1-1: Ball 2-1: Ball 3-1: Base on Balls
|
|
Batting: LHB Jim Adduci
|
0-0: Ball 1-0: Swinging Strike 1-1: Swinging Strike 1-2: Ball 2-2: Foul Ball, location: 2F 2-2: Ball 3-2: Strikes out swinging Victor Rios is caught stealing 2nd base 2-6 Batter strikes out.
|
|
Batting: LHB Mike Pagliarulo
|
0-0: SINGLE (Groundball, 4MD, EV 95.6 MPH)
|
|
Batting: RHB Bob Grandas
|
0-0: Ball 1-0: Ball 2-0: Ball 3-0: Called Strike 3-1: Foul Ball, location: 2F 3-2: Foul Ball, location: 2F 3-2: Base on Balls Mike Pagliarulo to second
|
|
Batting: SHB Luis Quinones
|
0-0: Ground out 3-1 (Groundball, 34, EV 103.8 MPH)
|
| Bottom of the 3rd over - 0 runs, 1 hit, 0 errors, 2 left on base; Denver 0 - Tulsa 1 |
| TOP OF THE 4TH |
|
Denver Bears batting - Pitching for Tulsa Drillers : RHP Jay Baller
|
|
Batting: LHB Danny Heep
|
0-0: Ball 1-0: TRIPLE (Groundball, 3L, EV 100.0 MPH)
|
|
Batting: RHB George A Bell
|
0-0: Ball Wild Pitch! Danny Heep scores 1-0: Fly out, F8 (Flyball, 89XD, EV 100.6 MPH)
|
|
Batting: RHB Adolfo Feliz
|
0-0: Ball 1-0: Ball 2-0: Ground out U3 (Groundball, 34, EV 103.8 MPH)
|
|
Batting: RHB Juan Alvarez
|
0-0: Ball 1-0: Called Strike 1-1: Ball 2-1: Fly out, F9 (Flyball, 9LD, EV 101.3 MPH)
|
| Top of the 4th over - 1 run, 1 hit, 0 errors, 0 left on base; Denver 1 - Tulsa 1 |
| BOTTOM OF THE 4TH |
|
Tulsa Drillers batting - Pitching for Denver Bears : LHP Tim Conroy
|
|
Batting: RHB Bob E Johnson
|
0-0: Called Strike 0-1: Foul Ball, location: 2F 0-2: Ball 1-2: Foul Ball, location: 2F 1-2: Fly out, F9 (Flyball, 9LS, EV 76.3 MPH)
|
|
Batting: RHB Nick Belmonte
|
0-0: Fly out, F8 (Flyball, 89M, EV 97.5 MPH)
|
|
Batting: RHB Michael Johnson
|
0-0: Called Strike 0-1: Swinging Strike 0-2: Foul Ball, location: 2F 0-2: Ball 1-2: SINGLE (Line Drive, 6D, EV 104.4 MPH)
|
|
Batting: SHB Paul Householder
|
0-0: Fly out, F8 (Flyball, 8RD, EV 100.0 MPH)
|
| Bottom of the 4th over - 0 runs, 1 hit, 0 errors, 1 left on base; Denver 1 - Tulsa 1 |
| TOP OF THE 5TH |
|
Denver Bears batting - Pitching for Tulsa Drillers : RHP Jay Baller
|
|
Batting: RHB Francis McCann
|
0-0: Called Strike 0-1: Ball 1-1: Ball 2-1: Ball 3-1: Foul Ball, location: 2F 3-2: TRIPLE (Flyball, 8LXD, EV 93.8 MPH)
|
|
Batting: RHB Frank Lucy
|
0-0: Foul Ball, location: 2F 0-1: Ball 1-1: Swinging Strike 1-2: Ball 2-2: Fly out, F7 (Flyball, 7S, EV 86.3 MPH)
|
|
Batting: RHB Gomez Barahona
|
0-0: Foul Ball, location: 2F 0-1: SINGLE (Groundball, 56, EV 101.3 MPH) Francis McCann scores
|
|
Batting: LHB Dallas Williams
|
0-0: Fly out, F9 (Flyball, 89S, EV 88.8 MPH)
|
|
Batting: RHB Kirby Puckett
|
0-0: Ball 1-0: Ball 2-0: Called Strike 2-1: Swinging Strike 2-2: DOUBLE (Flyball, 8RXD, EV 100.6 MPH) Gomez Barahona to third Gomez Barahona scores
|
|
Batting: LHB Danny Heep
|
0-0: Fly out, F7 (Flyball, 7S, EV 85.0 MPH)
|
| Top of the 5th over - 2 runs, 3 hits, 0 errors, 1 left on base; Denver 3 - Tulsa 1 |
| BOTTOM OF THE 5TH |
|
Tulsa Drillers batting - Pitching for Denver Bears : LHP Tim Conroy
|
|
Batting: RHB Victor Rios
|
0-0: Ball 1-0: Called Strike 1-1: Ball 2-1: DOUBLE (Groundball, 5L, EV 102.5 MPH)
|
|
Batting: LHB Jim Adduci
|
0-0: Called Strike 0-1: Called Strike 0-2: Ball 1-2: Foul Ball, location: 2F 1-2: Ground out 4-3 (Groundball, 4, EV 91.9 MPH) Victor Rios to third
|
|
Batting: LHB Mike Pagliarulo
|
0-0: Ball 1-0: Ball 2-0: Ball 3-0: Called Strike 3-1: Base on Balls
|
|
Batting: RHB Bob Grandas
|
0-0: Ball 1-0: 3-RUN HOME RUN (Flyball, 7LD, EV 95.0 MPH), Distance : 372 ft
|
|
Batting: SHB Luis Quinones
|
0-0: Ball 1-0: Fly out, F6 (Popup, 6MD, EV 70.0 MPH)
|
|
Batting: RHB Bob E Johnson
|
0-0: Ball 1-0: Called Strike 1-1: Ground out 3-1 (Groundball, 34, EV 106.9 MPH)
|
| Bottom of the 5th over - 3 runs, 2 hits, 0 errors, 0 left on base; Denver 3 - Tulsa 4 |
| TOP OF THE 6TH |
|
Denver Bears batting - Pitching for Tulsa Drillers : RHP Jay Baller
|
|
Batting: RHB George A Bell
|
0-0: Fly out, F3 (Popup, 3L, EV 82.5 MPH)
|
|
Batting: RHB Adolfo Feliz
|
0-0: Ball 1-0: Ball 2-0: Ball 3-0: Base on Balls
|
|
Batting: RHB Juan Alvarez
|
0-0: Ball 1-0: Called Strike 1-1: Called Strike 1-2: Fly out, F9 (Flyball, 9D, EV 100.0 MPH)
|
|
Batting: RHB Francis McCann
|
0-0: Called Strike 0-1: Ground out 3-1 (Groundball, 23, EV 83.8 MPH)
|
| Top of the 6th over - 0 runs, 0 hits, 0 errors, 1 left on base; Denver 3 - Tulsa 4 |
| BOTTOM OF THE 6TH |
|
Tulsa Drillers batting - Pitching for Denver Bears : LHP Tim Conroy
|
|
Batting: RHB Nick Belmonte
|
0-0: Foul Ball, location: 2F 0-1: Ball 1-1: Foul Ball, location: 2F 1-2: Ball 2-2: Foul Ball, location: 2F 2-2: Fly out, F9 (Flyball, 9D, EV 75.6 MPH)
|
|
Batting: RHB Michael Johnson
|
0-0: Fly out, F9 (Flyball, 89S, EV 87.5 MPH)
|
|
Batting: SHB Paul Householder
|
0-0: Ball 1-0: Ball 2-0: Ball 3-0: Called Strike 3-1: Fly out, F9 (Flyball, 9LS, EV 74.4 MPH)
|
| Bottom of the 6th over - 0 runs, 0 hits, 0 errors, 0 left on base; Denver 3 - Tulsa 4 |
| TOP OF THE 7TH |
|
Denver Bears batting - Pitching for Tulsa Drillers : RHP Jay Baller
|
|
Batting: RHB Frank Lucy
|
0-0: Ball 1-0: Swinging Strike 1-1: Ball 2-1: Ball 3-1: Called Strike 3-2: Strikes out swinging
|
|
Batting: RHB Gomez Barahona
|
0-0: Ball 1-0: Foul Ball, location: 2F 1-1: Ball 2-1: Ball 3-1: Base on Balls
|
|
Batting: LHB Dallas Williams
|
0-0: Ball 1-0: Ball 2-0: Called Strike 2-1: SINGLE (Line Drive, 3, EV 66.9 MPH) (infield hit) Gomez Barahona to second
|
|
Batting: RHB Kirby Puckett
|
0-0: Called Strike 0-1: Ball 1-1: Fly out, F6 (Popup, 4MD, EV 65.6 MPH)
|
|
Batting: LHB Danny Heep
|
0-0: Fielders Choice at 2nd, U4 (Groundball, 4M, EV 90.0 MPH)
|
| Top of the 7th over - 0 runs, 1 hit, 0 errors, 2 left on base; Denver 3 - Tulsa 4 |
| BOTTOM OF THE 7TH |
|
Tulsa Drillers batting - Pitching for Denver Bears : LHP Tim Conroy
|
|
Batting: RHB Victor Rios
|
0-0: Called Strike 0-1: Called Strike 0-2: Foul Ball, location: 2F 0-2: Foul Ball, location: 2F 0-2: Foul Ball, location: 2F 0-2: Ball 1-2: Ground out 5-3 (Groundball, 5L, EV 100.6 MPH)
|
|
Batting: LHB Jim Adduci
|
0-0: Called Strike 0-1: Ball 1-1: Called Strike 1-2: Strikes out swinging
|
|
Batting: LHB Mike Pagliarulo
|
0-0: Called Strike 0-1: SINGLE (Groundball, 4S, EV 68.8 MPH) (infield hit)
|
|
Batting: RHB Bob Grandas
|
0-0: Called Strike 0-1: Swinging Strike 0-2: Ball 1-2: Foul Ball, location: 2F 1-2: Hit by Pitch Mike Pagliarulo to second
|
|
Batting: SHB Luis Quinones
|
0-0: Foul Ball, location: 2F 0-1: Foul Ball, location: 2F 0-2: Ball 1-2: Fly out, F3 (Popup, 3L, EV 75.6 MPH)
|
| Bottom of the 7th over - 0 runs, 1 hit, 0 errors, 2 left on base; Denver 3 - Tulsa 4 |
| TOP OF THE 8TH |
|
Denver Bears batting - Pitching for Tulsa Drillers : RHP Jay Baller
|
|
Batting: RHB George A Bell
|
0-0: Ball 1-0: Ball 2-0: Ball 3-0: Base on Balls
|
|
Batting: RHB Adolfo Feliz
|
0-0: Ball 1-0: Called Strike 1-1: Ball 2-1: Foul Ball, location: 2F 2-2: DOUBLE (Flyball, 8RXD, EV 101.9 MPH) George A Bell to third
|
|
Pinch Hitting: SHB Mark Gilbert
|
0-0: Ball 1-0: Swinging Strike 1-1: Ball 2-1: Ball 3-1: Base on Balls
|
|
Batting: RHB Francis McCann
|
0-0: Foul Ball, location: 2F 0-1: Swinging Strike 0-2: SINGLE (Groundball, 56D, EV 106.9 MPH) George A Bell scores Adolfo Feliz to third Mark Gilbert to second Runner from 3rd tries for Home, SAFE, throw by LF to home
|
|
Batting: RHB Frank Lucy
|
0-0: Ball 1-0: Ball 2-0: Ball 3-0: Called Strike 3-1: Base on Balls Mark Gilbert to third Francis McCann to second
|
|
Batting: RHB Gomez Barahona
|
0-0: Called Strike 0-1: Ball 1-1: Grounds into fielders choice 6-2 (Groundball, 6, EV 91.9 MPH) Francis McCann to third Frank Lucy to second
|
|
Batting: LHB Dallas Williams
|
0-0: Called Strike 0-1: Ball 1-1: SINGLE (Groundball, 4MD, EV 98.1 MPH) Francis McCann scores Frank Lucy to third Gomez Barahona to second Runner from 3rd tries for Home, SAFE, throw by CF to home
|
|
Pitching: RHP Dwayne Robins
|
|
|
Batting: RHB Kirby Puckett
|
0-0: Swinging Strike 0-1: Ball 1-1: Foul Ball, location: 2F 1-2: Ball 2-2: Foul Ball, location: 2F 2-2: Grounds into double play, 6-4-3 (Groundball, 6M, EV 83.8 MPH)
|
| Top of the 8th over - 4 runs, 3 hits, 0 errors, 1 left on base; Denver 7 - Tulsa 4 |
| BOTTOM OF THE 8TH |
|
Tulsa Drillers batting - Pitching for Denver Bears : LHP Tim Conroy
|
|
Now at 3B: Raymond Borucki
|
|
|
Batting: RHB Bob E Johnson
|
0-0: Called Strike 0-1: Ball 1-1: Called Strike 1-2: Foul Ball, location: 2F 1-2: Ball 2-2: Strikes out swinging
|
|
Batting: RHB Nick Belmonte
|
0-0: Ball 1-0: Called Strike 1-1: Ball 2-1: Swinging Strike 2-2: Ground out 5-3 (Groundball, 56S, EV 91.3 MPH)
|
|
Batting: RHB Michael Johnson
|
0-0: Foul Ball, location: 2F 0-1: Ball 1-1: Called Strike 1-2: Ball 2-2: Ball 3-2: Base on Balls
|
|
Batting: SHB Paul Householder
|
0-0: Ball 1-0: Swinging Strike 1-1: Called Strike 1-2: Ball 2-2: Foul Ball, location: 2F 2-2: Fly out, F9 (Flyball, 9, EV 89.4 MPH)
|
| Bottom of the 8th over - 0 runs, 0 hits, 0 errors, 1 left on base; Denver 7 - Tulsa 4 |
| TOP OF THE 9TH |
|
Denver Bears batting - Pitching for Tulsa Drillers : RHP Dwayne Robins
|
|
Batting: LHB Danny Heep
|
0-0: Called Strike 0-1: Ball 1-1: Foul Ball, location: 2F 1-2: Foul Ball, location: 2F 1-2: Foul Ball, location: 2F 1-2: Ground out 4-3 (Groundball, 34, EV 84.4 MPH)
|
|
Batting: RHB George A Bell
|
0-0: Called Strike 0-1: Called Strike 0-2: Foul Ball, location: 2F 0-2: Fly out, F7 (Flyball, 7LD, EV 91.3 MPH)
|
|
Batting: RHB Adolfo Feliz
|
0-0: Swinging Strike 0-1: Fly out, F7 (Flyball, 78S, EV 94.4 MPH)
|
| Top of the 9th over - 0 runs, 0 hits, 0 errors, 0 left on base; Denver 7 - Tulsa 4 |
| BOTTOM OF THE 9TH |
|
Tulsa Drillers batting - Pitching for Denver Bears : LHP Tim Conroy
|
|
Now in LF: Tom Beyers
|
|
|
Batting: RHB Victor Rios
|
0-0: SINGLE (Groundball, 5L, EV 103.8 MPH)
|
|
Batting: LHB Jim Adduci
|
0-0: Ball 1-0: Ball 2-0: Ball 3-0: Called Strike 3-1: Base on Balls Victor Rios to second
|
|
Pitching: LHP Jesse Orosco
|
|
|
Batting: LHB Mike Pagliarulo
|
0-0: Called Strike 0-1: Foul Ball, location: 2F 0-2: Foul Ball, location: 2F 0-2: Foul Ball, location: 2F 0-2: Ball 1-2: Fly out, F8 (Line Drive, 8RM, EV 93.1 MPH)
|
|
Batting: RHB Bob Grandas
|
0-0: Called Strike 0-1: Fly out, F8 (Flyball, 8RD, EV 97.5 MPH)
|
|
Batting: SHB Luis Quinones
|
0-0: Called Strike 0-1: Ball 1-1: Ground out U3 (Groundball, 13, EV 85.0 MPH)
|
| Bottom of the 9th over - 0 runs, 1 hit, 0 errors, 2 left on base; Denver 7 - Tulsa 4 |
|